 Dungeon Crawl Stone Soup version 0.20.1-1-g8b1a95d (webtiles) character file.

71048 ANON1729 the Scorcher (level 15, -7/64 HPs)
             Began as an Octopode Fire Elementalist on Aug 9, 2017.
             Was a High Priest of Vehumet.
             Mangled by a white ugly thing (17 damage)
             ... on level 14 of the Dungeon.
             The game lasted 01:45:20 (33065 turns).

ANON1729 the Scorcher (Octopode Fire Elementalist) Turns: 33065, Time: 01:45:29

Health: -7/64      AC:  3    Str: 10    XL:     15   Next: 35%
Magic:  5/41       EV: 13    Int: 25    God:    Vehumet [*****.]
Gold:   2079       SH:  6    Dex: 16    Spells: 16/41 levels left

rFire    + + +     SeeInvis .   z - staff of fire
rCold    + . .     Gourm    +   U - +0 buckler
rNeg     + . .     Faith    .   P - -2 hat of the Alchemist {rElec rPois rF+ rC+ rN+ MR+ rMut rCorr}
rPois    +         Spirit   .   D - amulet of the gourmand
rElec    +         Reflect  .   k - +4 ring of protection
rCorr    +         Harm     .   p - ring of protection from magic
rMut     +                      t - ring of protection from fire
MR       +++..                  L - ring of magical power
Stlth    +++.......             Y - +5 ring of intelligence
Regen    0.2/turn               c - ring of flight
MPRegen  0.3/turn               Z - +4 ring of dexterity
                                (no ring)

@: drained
A: almost no armour, stealthy swim, amphibious, 8 rings, constrict 8, beak,
tentacle spike 2, camouflage 1, dopey 1, frail 2, gelatinous body 1, MP-powered
wands
a: Renounce Religion, Evoke Flight


You were on level 14 of the Dungeon.
You worshipped Vehumet.
Vehumet was extremely pleased with you.
You were not hungry.

You visited 2 branches of the dungeon, and saw 21 of its levels.

You collected 2079 gold pieces.

Inventory:

Armour
 P - the -2 hat of the Alchemist (worn) {rElec rPois rF+ rC+ rN+ MR+ rMut rCorr}
   (You found it on level 13 of the Dungeon)

   It protects you from fire.
   It protects you from cold.
   It insulates you from electricity.
   It protects you from poison.
   It protects you from negative energy.
   It affects your resistance to hostile enchantments.
   It protects you from acid and corrosion.
   It protects you from mutation.
 U - a +0 buckler (worn)
Magical Staves
 z - an uncursed staff of fire (weapon)
Jewellery
 c - a ring of flight (on tentacle)
 k - a +4 ring of protection (left tentacle)
 p - a ring of protection from magic (right tentacle)
 t - a ring of protection from fire (on tentacle)
 D - an amulet of the gourmand (around mantle)
 L - a ring of magical power (on tentacle)
 Y - a +5 ring of intelligence (on tentacle)
 Z - a +4 ring of dexterity (on tentacle)
Wands
 u - a wand of iceblast (6/15)
 v - a wand of digging (12/24)
 K - a wand of confusion (16/48)
 N - a wand of paralysis (6/24)
Scrolls
 d - 3 scrolls of blinking
 g - 5 scrolls of magic mapping {unknown}
 i - 5 scrolls of remove curse
 j - 6 scrolls of fog
 l - 5 scrolls of immolation
 o - a scroll of enchant weapon {unknown}
 s - 3 scrolls of amnesia {unknown}
 w - 5 scrolls of recharging
 y - 3 scrolls of fear {unknown}
 A - 4 scrolls of noise {unknown}
 B - 9 scrolls of teleportation
 C - a scroll of summoning {unknown}
 F - 2 scrolls of holy word {unknown}
 G - a scroll of vulnerability {unknown}
 R - a scroll of enchant armour {unknown}
 V - a scroll of brand weapon {unknown}
 W - 2 scrolls of random uselessness {unknown}
Potions
 a - 3 potions of flight
 e - 2 potions of lignification
 f - a potion of cancellation {unknown}
 h - 6 potions of curing
 m - 8 potions of degeneration {unknown}
 n - 5 potions of agility
 r - 2 potions of brilliance {unknown}
 x - 3 potions of ambrosia
 H - 2 potions of mutation {unknown}
 S - 2 potions of heal wounds {unknown}
Books
 X - a book of Beasts

   Spells                             Type                      Level
   a - Summon Butterflies             Summoning                    1
   b - Call Canine Familiar           Summoning                    3
   c - Summon Ice Beast               Ice/Summoning                4
   d - Summon Mana Viper              Hexes/Summoning              5
   e - Summon Hydra                   Summoning                    7
Miscellaneous
 I - a phantom mirror
 J - a fan of gales
Comestibles
 b - 2 bread rations
 q - 4 meat rations
 M - a royal jelly
 O - 38 fruits


   Skills:
 - Level 2.0(1.8) Dodging
 - Level 2.6(2.5) Stealth
 - Level 5.9(5.7) Shields
 + Level 13.8(13.6) Spellcasting
 + Level 14.5(14.3) Conjurations
 + Level 15.0(14.7) Fire Magic
 + Level 0.6(0.4) Air Magic


You had 16 spell levels left.
You knew the following spells:

 Your Spells              Type           Power        Failure   Level  Hunger
a - Flame Tongue          Conj/Fire      #####        0%          1    None
b - Conjure Flame         Conj/Fire      #######.     1%          3    None
c - Sticky Flame          Conj/Fire      #######.     1%          4    None
d - Fireball              Conj/Fire      #######...   1%          5    ##.....
e - Shock                 Conj/Air       ####         1%          1    None
f - Lightning Bolt        Conj/Air       ######....   1%          5    ##.....
g - Iron Shot             Conj/Erth      ######....   7%          6    #####..


Dungeon Overview and Level Annotations

Branches:
Dungeon (15/15)            Temple (0/1) D:7            Lair (6/6) D:9
  Swamp (0/4) Lair:2       Spider (0/4) Lair:4        Slime (0/5) Lair:5
    Orc (0/2) D:12         Vaults (0/5) D:14         Depths (0/5) D:15

Altars:
Cheibriados
Elyvilon
Gozag
Okawaru
Vehumet
Xom
Yredelemnul
Zin
The Shining One
Lugonu

Shops:
D:6 [

Annotations:
D:4 1 runed door
D:13 1 transporter
D:15 Louise
Lair:5 exclusion: 3 oklob plants


Innate Abilities, Weirdness & Mutations

You cannot wear most types of armour.
You are very stealthy in the water. (Stealth+)
You are amphibious.
You can wear up to eight rings at the same time.
You can use your tentacles to constrict eight enemies at once.
Your skin changes colour to match your surroundings (Stealth+).
Your rubbery body absorbs attacks. (AC +1, EV +1)
You have a beak for a mouth.
One of your tentacles bears a nasty spike.
You are dopey. (Int -2)
You are very frail. (-20% HP)
You expend magic power (3 MP) to strengthen your wands.


Message History

Aim: a white ugly thing (lightly wounded)
You feel a surge of power!
The sticky flame hits the white ugly thing.
The white ugly thing is moderately wounded.
The white ugly thing is covered in liquid flames!
The white ugly thing burns!
The white ugly thing tentacle-slaps you!
The white ugly thing freezes you! You resist.
Casting: Sticky Flame
Confirm with . or Enter, or press ? or * to list all spells.
Aiming: Fireball
Press: ? - help, Shift-Dir - straight line, p - white ugly thing You feel a surge of power!
The fireball explodes!
The fireball engulfs the white ugly thing.
The white ugly thing is severely wounded.
The white ugly thing burns!
The white ugly thing tentacle-slaps you!
* * * LOW HITPOINT WARNING * * *
The white ugly thing freezes you! You resist.
You die...

#.........# ###########.........#
#.........#.........#
#.........####..##### ####
#.........####...#
###..###.........##...#.########
##.....##........................
#..###.........†.....>##.########
#.## #..........@...####.###### #
..# #.#.#.#.....u..# #......# #
.## ##..............####......###
.# #..#.#.#....(.............##.
## #.........................##.
#####..#.#.#..###.#.####......#..
.............## #.#.# #........#
..############ #.#.# #.####....
#....## #######.#.# #.# ##...#


You could see a white ugly thing (burning).

Vanquished Creatures
  Snorg (Lair:5)
  A fire dragon (Lair:5)
  Josephine (Lair:5)
  An ice dragon (Lair:6)
  7 hydras
  A rakshasa (D:13)
  4 centaur warriors
  6 death yaks (Lair:6)
  2 two-headed ogres
  2 dancing weapons (D:14)
  Urug (Lair:4)
  2 skeletal warriors (D:15)
  A swamp dragon (Lair:6)
  A lindwurm (Lair:6)
  2 deep elf magi
  7 ugly things
  2 manticores (D:14)
  2 centaur zombies
  2 cyclopes
  A black mamba (Lair:4)
  14 elephants
  A black mamba (shapeshifter) (D:13)
  A spriggan zombie (D:15)
  2 gargoyles
  5 torpor snails (Lair:6)
  14 spiny frogs
  A kobold demonologist (D:11)
  6 rime drakes
  7 komodo dragons
  A tengu conjurer (D:14)
  4 tyrant leeches (Lair:6)
  8 trolls
  9 hornets
  8 blink frogs (Lair:5)
  2 harpy skeletons
  9 hippogriffs
  4 dream sheep (Lair:6)
  Sigmund (D:3)
  3 water elementals (D:13)
  A shadow (D:11)
  3 wyverns
  6 wraiths
  25 yaks
  5 basilisks
  3 hungry ghosts
  3 steam dragons (Lair:6)
  3 acid dragons
  2 vampire mosquitoes
  2 soldier ants
  11 water moccasins
  4 porcupines
  6 orc warriors
  4 ice beasts
  3 sky beasts
  A black bear (D:8)
  4 phantoms
  8 ogres
  10 wolves
  19 centaurs
  15 crocodiles
  4 big kobolds (D:8)
  10 bullfrogs
  2 wyvern zombies
  2 scorpions
  A troll zombie (D:12)
  37 killer bees
  5 wights (D:13)
  6 electric eels
  A bullfrog zombie (D:9)
  4 howler monkeys
  9 crimson imps
  A quasit (D:14)
  4 centaur skeletons
  6 hounds
  A human zombie (D:4)
  11 orc wizards
  6 orc priests
  3 jellies
  3 iguanas
  14 worker ants
  2 killer bee zombies
  5 ogre zombies (D:12)
  A hound zombie (D:7)
  2 hound skeletons
  A worker ant zombie (D:9)
  8 adders
  A howler monkey skeleton (D:7)
  6 shadow imps
  A white imp (D:8)
  2 oozes
  3 worms
  4 dart slugs
  7 leopard geckos
  40 orcs
  A ball python (D:1)
  7 bats
  9 giant cockroaches
  12 hobgoblins
  4 jackals (D:10)
  4 quokkas
  6 frilled lizards
  5 goblins
  3 goblin skeletons
  5 goblin zombies (D:12)
  2 hobgoblin skeletons (D:12)
  A hobgoblin zombie (D:12)
  18 kobolds
  A kobold zombie (D:4)
  An orc skeleton (D:12)
  7 orc zombies (D:12)
  2 quokka zombies
  6 rats
  2 bushes
  A fungus (Lair:5)
  8 plants
603 creatures vanquished.

Vanquished Creatures (others)
  A ball python (D:2)
  2 bushes
  13 fungi
  46 plants
62 creatures vanquished.

Grand Total: 665 creatures vanquished

Notes
Turn   | Place    | Note
-------+----------+-------------------------------------------
     0 | D:1      | ANON1729 the Octopode Fire Elementalist began the quest for the Orb.
     0 | D:1      | Reached XP level 1. HP: 11/11 MP: 3/3
   241 | D:1      | Reached XP level 2. HP: 17/17 MP: 3/5
   938 | D:1      | Reached XP level 3. HP: 21/21 MP: 6/6
   953 | D:1      | Learned a level 3 spell: Conjure Flame
  1600 | D:2      | Found a radiant altar of Vehumet.
  1608 | D:2      | Became a worshipper of Vehumet
  1811 | D:2      | Found a white marble altar of Elyvilon.
  2224 | D:2      | Reached XP level 4. HP: 27/27 MP: 5/7
  2405 | D:3      | Reached skill level 4 in Fire Magic
  2613 | D:3      | Found a faded altar of an unknown god.
  3105 | D:3      | Noticed Sigmund
  3550 | D:3      | Learned a level 4 spell: Sticky Flame
  3561 | D:3      | Killed Sigmund
  3561 | D:3      | Reached XP level 5. HP: 14/31 MP: 4/10
  3561 | D:3      | Reached XP level 6. HP: 16/36 MP: 4/11
  3797 | D:3      | Reached * piety under Vehumet
  3797 | D:3      | Offered knowledge of Freeze by Vehumet.
  4281 | D:4      | Reached skill level 5 in Fire Magic
  4292 | D:4      | Reached XP level 7. HP: 34/41 MP: 1/13
  4583 | D:4      | Found a shimmering altar of Xom.
  4654 | D:4      | Found a runed door.
  4654 | D:4      | Noticed a human
  4659 | D:4      | Found a basalt altar of Yredelemnul.
  5118 | D:5      | Entered Level 5 of the Dungeon
  5167 | D:5      | Found a glowing golden altar of the Shining One.
  5326 | D:5      | Learned a level 5 spell: Fireball
  6192 | D:6      | Found a snail-covered altar of Cheibriados.
  6376 | D:6      | Reached XP level 8. HP: 46/46 MP: 7/15
  6435 | D:6      | Found Geaduats's Armour Shop.
  6503 | D:6      | Reached skill level 6 in Fire Magic
  6506 | D:6      | Reached skill level 5 in Conjurations
  6534 | D:6      | Reached skill level 5 in Spellcasting
  6821 | D:6      | Reached ** piety under Vehumet
  6821 | D:6      | Offered knowledge of Searing Ray by Vehumet.
  6864 | D:6      | Learned a level 1 spell: Shock
  7551 | D:7      | Reached skill level 7 in Fire Magic
  7613 | D:7      | Found a staircase to the Ecumenical Temple.
  8098 | D:8      | Noticed a hornet
  8102 | D:8      | Paralysed by a hornet for 1 turns
  8107 | D:8      | Killed a hornet
  8107 | D:8      | Reached XP level 9. HP: 3/51 MP: 13/18
  8386 | D:8      | Found an opulent altar of Gozag.
  8646 | D:8      | Found a transporter.
  8664 | D:8      | Found a transporter.
  8766 | D:8      | Offered knowledge of Ignite Poison by Vehumet.
  8998 | D:8      | Gained mutation: You are dopey. (Int -2) [mutagenic meat]
  8999 | D:8      | Gained mutation: You expend magic power (3 MP) to strengthen your wands. [mutagenic meat]
  9352 | D:8      | Reached *** piety under Vehumet
  9352 | D:8      | Reached skill level 8 in Fire Magic
 10407 | D:9      | Found an iron altar of Okawaru.
 10478 | D:9      | Found a staircase to the Lair.
 10482 | D:9      | Reached XP level 10. HP: 56/56 MP: 21/21
 10681 | D:9      | Noticed a two-headed ogre
 10690 | D:9      | Killed a two-headed ogre
 10690 | D:9      | Reached skill level 9 in Fire Magic
 10747 | D:9      | Offered knowledge of Iskenderun's Mystic Blast by Vehumet.
 11162 | D:9      | Found a glowing silver altar of Zin.
 11631 | D:10     | Entered Level 10 of the Dungeon
 11859 | D:10     | Reached **** piety under Vehumet
 12056 | D:10     | Offered knowledge of Iskenderun's Battlesphere by Vehumet.
 12916 | D:10     | Reached skill level 10 in Fire Magic
 12916 | D:10     | Reached XP level 11. HP: 61/61 MP: 24/24
 13262 | D:11     | Noticed a red ugly thing
 13971 | D:11     | Reached skill level 10 in Conjurations
 14368 | D:11     | Noticed a purple ugly thing
 14671 | Lair:1   | Entered Level 1 of the Lair of Beasts
 15787 | Lair:2   | Reached ***** piety under Vehumet
 15790 | Lair:2   | Offered knowledge of Force Lance by Vehumet.
 15793 | Lair:2   | Reached skill level 10 in Spellcasting
 15793 | Lair:2   | Reached skill level 11 in Fire Magic
 16668 | Lair:2   | Found a staircase to the Swamp.
 17549 | Lair:3   | Reached XP level 12. HP: 52/66 MP: 6/26
 17959 | Lair:3   | Noticed a four-headed hydra
 17963 | Lair:3   | Killed a four-headed hydra
 18286 | Lair:3   | Noticed a five-headed hydra
 18289 | Lair:3   | Killed a five-headed hydra
 18369 | Lair:4   | Found a hole to the Spider Nest.
 18442 | Lair:4   | Noticed Urug
 18486 | Lair:4   | Killed Urug
 19022 | Lair:4   | Reached skill level 12 in Fire Magic
 19969 | Lair:5   | Noticed Josephine
 19973 | Lair:5   | Killed Josephine
 20819 | Lair:5   | Reached XP level 13. HP: 71/71 MP: 28/28
 20919 | Lair:5   | Found a staircase to the Slime Pits.
 21058 | Lair:5   | Noticed Snorg
 21061 | Lair:5   | Killed Snorg
 21667 | Lair:6   | Entered Level 6 of the Lair of Beasts
 21978 | Lair:6   | Reached skill level 13 in Fire Magic
 22731 | Lair:6   | Offered knowledge of Yara's Violent Unravelling by Vehumet.
 23458 | Lair:6   | Reached XP level 14. HP: 76/76 MP: 30/30
 24111 | Lair:6   | Reached skill level 14 in Fire Magic
 24933 | Lair:6   | Found a runed door.
 26501 | Lair:2   | Learned a level 5 spell: Lightning Bolt
 27426 | D:12     | Offered knowledge of Iron Shot by Vehumet.
 27434 | D:12     | Learned a level 6 spell: Iron Shot
 27875 | D:12     | Paralysed by a hornet for 1 turns
 28399 | D:12     | Found a staircase to the Orcish Mines.
 28684 | D:13     | Reached skill level 1 in Shields
 28827 | D:12     | Gained mutation: You are frail. (-10% HP) [mutagenic meat]
 28828 | D:12     | Gained mutation: You are very frail. (-20% HP) [mutagenic meat]
 28829 | D:12     | Gained mutation: You do not regenerate when monsters are visible. [mutagenic meat]
 29197 | D:13     | Gained mutation: One of your tentacles bears a spike. [mutagenic meat]
 29198 | D:13     | Gained mutation: One of your tentacles bears a nasty spike. [mutagenic meat]
 29199 | D:13     | Gained mutation: You have a beak for a mouth. [mutagenic meat]
 29355 | D:13     | Found a corrupted altar of Lugonu.
 30047 | D:13     | Found a transporter.
 30717 | D:14     | Reached XP level 15. HP: 51/64 MP: 17/32
 31475 | D:14     | Lost mutation: You do not regenerate when monsters are visible. [mutagenic meat]
 31549 | D:14     | Reached skill level 5 in Shields
 31659 | D:14     | Offered knowledge of Lee's Rapid Deconstruction by Vehumet.
 31942 | D:14     | Found a gate to the Vaults.
 32238 | D:15     | Entered Level 15 of the Dungeon
 32467 | D:15     | Found a staircase to the Depths.
 32483 | D:15     | Noticed Louise
 33038 | D:14     | Reached skill level 15 in Fire Magic
 33065 | D:14     | Mangled by a white ugly thing

Skill      XL: |  1  2  3  4  5  6  7  8  9 10 11 12 13 14 15 |
---------------+----------------------------------------------+-----
Conjurations   | 2 3 4 6 7 9 10 12 13 14 | 14.5
Fire Magic     | 4 5 7 8 10 11 12 13 14 15 | 15.0
Spellcasting   | 3 4 6 7 9 10 11 12 13 | 13.8
Shields        | 3 5 |  5.9
Dodging        | |  2.0
Stealth        | |  2.6
Air Magic      | |  0.6

Action                   |  1- 3 |  4- 6 |  7- 9 | 10-12 | 13-15 || total
-------------------------+-------+-------+-------+-------+-------++-------
Melee: Unarmed           |    44 |       |       |       |       ||    44
       Constrict         |    16 |    12 |    27 |    18 |    13 ||    86
       Tentacles         |     8 |    12 |    19 |    11 |    10 ||    60
       Dagger            |    13 |    52 |   122 |    45 |       ||   232
       Staff             |       |       |    30 |    39 |    46 ||   115
       Kick              |       |       |       |       |     6 ||     6
       Peck              |       |       |       |       |     2 ||     2
 Cast: Flame Tongue      |    42 |    24 |   127 |   185 |    65 ||   443
       Conjure Flame     |       |     2 |     4 |    21 |    11 ||    38
       Sticky Flame      |       |     5 |    26 |    58 |    53 ||   142
       Fireball          |       |       |     8 |   113 |   267 ||   388
       Shock             |       |       |       |     2 |    51 ||    53
       Lightning Bolt    |       |       |       |       |    45 ||    45
       Iron Shot         |       |       |       |       |     7 ||     7
Evoke: Wand              |       |       |       |     3 |     2 ||     5
  Use: Potion            |       |       |     2 |     2 |     4 ||     8
       Scroll            |       |       |       |    12 |     6 ||    18
 Stab: Sleeping          |     5 |     3 |     5 |     2 |     1 ||    16
       Confused          |       |       |       |     1 |       ||     1
  Eat: Chunk             |     4 |     8 |    17 |    66 |    79 ||   174
       Meat ration       |       |       |     2 |       |       ||     2
Armor: Skin              |    12 |    17 |    40 |    35 |    18 ||   122
Dodge: Dodged            |    57 |    27 |   118 |    67 |    79 ||   348
Block: Buckler           |       |       |       |    13 |    23 ||    36
